 Dungeon Crawl Stone Soup version 0.20.1-1-g8b1a95d66d (webtiles) character file.

351 Jynx the Firebug (level 6, 0/32 HPs)
             Began as a Deep Elf Fire Elementalist on Dec 22, 2017.
             Slain by an ogre
             ... wielding a cursed +0 giant spiked club
              (11 damage)
             ... on level 3 of the Dungeon.
             The game lasted 00:06:44 (3421 turns).

Jynx the Firebug (Deep Elf Fire Elementalist)       Turns: 3421, Time: 00:06:44

Health: 0/32       AC:  3    Str:  5    XL:     6   Next: 34%
Magic:  15/15      EV: 13    Int: 22    God:
Gold:   179        SH:  0    Dex: 19    Spells: 10/14 levels left

rFire    . . .     SeeInvis .   l - +1 dagger
rCold    . . .     Gourm    .   (no shield)
rNeg     . . .     Faith    .   n - +1 robe {MR+}
rPois    .         Spirit   .   (no helmet)
rElec    .         Reflect  .   (no cloak)
rCorr    .         Harm     .   (no gloves)
MR       +....                  (no boots)
Stlth    ++........             (no amulet)
Regen    0.1/turn               f - +4 ring of dexterity
MPRegen  0.2/turn               (no ring)

@: no status effects
A: no striking features
a: no special abilities


You were on level 3 of the Dungeon.
You were not hungry.

You visited 1 branch of the dungeon, and saw 4 of its levels.

You collected 179 gold pieces.

Inventory:

Hand Weapons
 l - a +1 dagger (weapon)
Armour
 n - a +1 robe of magic resistance (worn)
Jewellery
 f - a +4 ring of dexterity (left hand)
 q - a cursed amulet of inaccuracy {unknown}
 r - an uncursed amulet of harm {unknown}
Scrolls
 e - 3 scrolls of enchant weapon
 h - 3 scrolls of remove curse
 k - a scroll of fear {unknown}
 m - a scroll of enchant armour {unknown}
 s - a scroll of amnesia {unknown}
Potions
 j - 2 potions of might {unknown}
 o - a potion of magic {unknown}
 p - 2 potions of flight {unknown}
 t - 2 potions of invisibility {unknown}
 u - 2 potions of agility {unknown}
 v - 2 potions of curing {unknown}
Books
 b - a book of Flames

   Spells                             Type                      Level
   a - Flame Tongue                   Conjuration/Fire             1
   b - Throw Flame                    Conjuration/Fire             2
   c - Conjure Flame                  Conjuration/Fire             3
   d - Inner Flame                    Hexes/Fire                   3
   e - Sticky Flame                   Conjuration/Fire             4
   f - Fireball                       Conjuration/Fire             5
Comestibles
 c - a bread ration
 d - a royal jelly
 g - a meat ration


   Skills:
 - Level 2.4 Dodging
 - Level 2.4 Stealth
 + Level 4.8 Spellcasting
 + Level 3.5 Conjurations
 * Level 6.2 Fire Magic


You had 10 spell levels left.
You knew the following spells:

 Your Spells              Type           Power        Failure   Level  Hunger
a - Flame Tongue          Conj/Fire      ####.        1%          1    None
b - Conjure Flame         Conj/Fire      ####....     4%          3    ##.....


Dungeon Overview and Level Annotations

Branches:
Dungeon (4/15)
 Temple: D:4-7

Altars:
Ashenzari


Message History

The jackal closely misses you. The adder barely misses you.
The jackal bites you but does no damage.
There is a stone staircase leading up, spattered with blood here.
The adder bites you. The ogre misses you. The jackal closely misses you.
The adder bites you.
You climb upwards.
There is a stone staircase leading down here.
As you read the scroll labeled YCYPYA HIUNOIM, it crumbles to dust.
You feel blessed for a moment.
It was a scroll of remove curse.
The jackal closely misses you. The ogre closely misses you.
The adder closely misses you. The jackal closely misses you.
Okay, then.
Okay, then.
Okay, then.
As you read the scroll labeled CUPNAWUSOGG, it crumbles to dust.
You hear a loud clanging noise!
It was a scroll of noise.
The adder bites you but does no damage. The jackal barely misses you.
The ogre hits you with a giant spiked club!
You die...

......## .......#
#......# #......#
#......### #......#.#
.....#.#.###
...........#######
..............[O@#
..#..#.###...##Sh###
..#..#.# #....#..[.#
.##....# #..#.#.##.#
....#..###......##[#
#####..........###.#
................##.#
######.####........#
...###.####...##########


You could see an ogre, an adder and a jackal.

Vanquished Creatures
  Sigmund (D:2)
  An orc priest (D:3)
  2 gnolls (D:1)
  7 adders
  A worm (D:2)
  2 dart slugs
  2 leopard geckos
  4 orcs (D:3)
  6 bats
  4 giant cockroaches
  8 goblins
  7 hobgoblins
  3 jackals (D:3)
  A quokka (D:3)
  A ball python (D:1)
  2 frilled lizards (D:2)
  4 kobolds
  7 rats
63 creatures vanquished.

Notes
Turn   | Place    | Note
-------+----------+-------------------------------------------
     0 | D:1      | Jynx the Deep Elf Fire Elementalist began the quest for the Orb.
     0 | D:1      | Reached XP level 1. HP: 10/10 MP: 6/6
   147 | D:1      | Found a shattered altar of Ashenzari.
   182 | D:1      | Reached XP level 2. HP: 15/15 MP: 5/8
   228 | D:1      | Reached skill level 4 in Fire Magic
   258 | D:1      | Reached XP level 3. HP: 19/19 MP: 6/9
   860 | D:2      | Noticed Sigmund
   868 | D:1      | Learned a level 3 spell: Conjure Flame
  1399 | D:2      | Killed Sigmund
  1399 | D:2      | Reached skill level 5 in Fire Magic
  1399 | D:2      | Reached XP level 4. HP: 22/24 MP: 2/12
  1399 | D:2      | Reached XP level 5. HP: 26/28 MP: 2/13
  2257 | D:3      | Reached XP level 6. HP: 32/32 MP: 11/14
  2273 | D:3      | Reached skill level 6 in Fire Magic
  3421 | D:3      | Slain by an ogre

Skill      XL: |  1  2  3  4  5  6 |
---------------+-------------------+-----
Fire Magic     | 4 5 6 |  6.2
Conjurations   | 3 |  3.5
Spellcasting   | 4 |  4.8
Dodging        | |  2.4
Stealth        | |  2.4

Action                   |  1- 3 |  4- 6 || total
-------------------------+-------+-------++-------
Melee: Dagger            |       |    34 ||    34
 Cast: Flame Tongue      |    59 |    79 ||   138
       Conjure Flame     |     5 |       ||     5
  Use: Scroll            |       |     5 ||     5
  Eat: Chunk             |     1 |     7 ||     8
Armor: Robe              |     3 |    12 ||    15
Dodge: Dodged            |    10 |    45 ||    55
